AoeStats
← RustyShackleford

Arabia

506984558Analyzed
1v1 RM · 17d ago on Sep 16, 2026· 28m 43s· 2 players
Game mode
Random Map
Map size
Tiny (2 player)
Population
200
Speed
Normal
Resources
Standard
Victory
Conquest
Starting age
Dark Age
Ending age
Imperial Age
RankedLock teamsTeams togetherTeam positionsShared explorationLock speedFull tech treeHidden civsTurbo modeCheats
Victory
Defeat
🇺🇸 Jurchens · United States
741
+18
🇺🇸 Mongols · United States
780
-18
Bob678543p
6:08 Loom
10:40 Feudal Age
11:49 Double-Bit Axe
20:13 Castle Age
18:47 Horse Collar
19:57 Arson
20:57 Gambesons
21:13 Squires
21:41 Bow Saw
24:54 Scale Mail Armor
26:19 Forging
RustyShackleford
11:19 Feudal Age
9:35 Loom
13:18 Double-Bit Axe
15:15 Town Watch
17:54 Horse Collar
23:13 Castle Age
22:32 Wheelbarrow
22:26 Fletching
24:20 Bow Saw
24:23 Thumb Ring
23:42 Crossbowman
Connection lost

Rejoining the realm…

Still unreachable

The connection could not be restored.

Session expired

The server has moved on; the page needs a fresh start.